Map: Laberinto EJ

Players

VortiX

  • Race: Zerg Zerg
  • Spawn Location: 1:00

Rail - Winner!

  • Race: Protoss Protoss
  • Spawn Location: 7:00

Event: WCS Valencia 2018

VOD

Have the link to the VOD?

Description

Time

  • Played on: July 12, 2018, 6:46 a.m.
  • Length: 8:07

All games in this series

Show
View Real Time Build Order
Export as new Build Order

VortiX Zerg 

Build Orders: Hatch First 

Get SALT Encoding   

  12  0:00  Drone  
  13  0:12  Overlord  
  13  0:16  Drone  
  14  0:30  Drone x2  
  16  0:48  Hatchery  
  15  0:50  Drone  
  15  0:54  Drone  
  17  1:04  Extractor  
  17  1:09  Spawning Pool  
  15  1:12  Drone  
  15  1:16  Drone  
  17  1:19  Drone  
  18  1:28  Drone  
  19  1:39  Drone  
  20  1:50  Overlord  
  20  1:57  Queen  
  20  1:59  Queen  
  20  2:00  Zergling x2  
  26  2:01  Drone  
  26  2:10  Drone  
  26  2:12  Drone  
  28  2:21  Drone  
  28  2:22  Drone  
  30  2:31  Hatchery  
  30  2:34  Zergling x2  
  31  2:37  Drone  
  31  2:44  Metabolic Boost  
  31  2:45  Overlord  
  31  2:49  Queen  
  33  2:51  Drone  
  33  2:54  Drone  
  33  2:56  Drone  
  36  3:05  Drone x2  
  38  3:07  Drone x2  
  38  3:11  Evolution Chamber  
  39  3:13  Drone x2  
  39  3:19  Drone x3  
  44  3:27  Overlord  
  44  3:33  Overlord  
  44  3:41  Zerg Melee Weapons Level 1  
  44  3:42  Overlord, Queen  
  44  3:43  Drone x3  
  44  3:46  Drone x2  
  44  3:48  Drone  
  52  3:57  Zergling x10  
  52  3:58  Zergling x2  
  58  4:04  Zergling x2  
  58  4:07  Zergling x2  
  60  4:11  Zergling x8  
  60  4:14  Lair  
  64  4:17  Drone  
  64  4:18  Extractor  
  64  4:19  Queen  
  64  4:23  Overlord  
  66  4:25  Drone  
  66  4:28  Drone  
  66  4:29  Extractor  
  67  4:32  Drone x2  
  69  4:39  Drone  
  69  4:44  Roach Warren, Drone x4  
  73  4:45  Drone  
  73  4:46  Drone  
  73  4:48  Drone x2  
  77  5:05  Extractor, Drone x3  
  77  5:06  Overlord, Drone  
  77  5:07  Drone  
  81  5:16  Hydralisk Den  
  81  5:19  Overlord  
  78  5:26  Drone x4  
  78  5:27  Drone x3  
  78  5:28  Drone  
  86  5:29  Extractor x2  
  86  5:32  Drone x3  
  86  5:35  Zerg Melee Weapons Level 2  
  87  5:36  Overlord  
  87  5:37  Overlord x2  
  87  5:45  Grooved Spines  
  87  5:48  Drone x3  
  87  5:49  Hydralisk  
  90  5:50  Hydralisk x3, Hatchery  
  90  5:54  Hydralisk  
  90  5:56  Baneling Nest  
  98  5:58  Overlord  
  98  6:00  Hydralisk  
  98  6:03  Hydralisk  
  102  6:07  Hydralisk  
  102  6:08  Hydralisk x2  
  108  6:14  Hydralisk x2  
  108  6:15  Hydralisk  
  114  6:22  Zergling x12  
  120  6:29  Overlord  
  120  6:30  Overseer  
  121  6:32  Drone  
  121  6:33  Drone x3  
  121  6:39  Centrifical Hooks  
  124  6:40  Baneling  
  124  6:41  Baneling x7  
  124  6:42  Drone x3  
  124  6:43  Drone  
  124  6:46  Hydralisk  
  124  6:47  Hydralisk, Zergling x2  
  128  6:48  Zergling x2  
  128  6:50  Zergling x4  
  128  6:51  Zergling x2  
  134  7:06  Hydralisk x4  
  134  7:07  Zergling x6  
  129  7:13  Hydralisk  
  129  7:15  Zergling x6  
  114  7:16  Zergling x8  
  114  7:17  Baneling  
  114  7:18  Baneling x4  
  116  7:24  Hydralisk x2  
  116  7:29  Queen  
  122  7:37  Baneling x2  
  122  7:38  Hydralisk x4, Baneling x4  
  122  7:42  Zergling x2  
Show
View Real Time Build Order
Export as new Build Order

Rail Protoss - Winner!

Build Orders: 1 Gate Expand, Zealot Archon, Archon Drop 

Get SALT Encoding   

  12  0:00  Probe  
  13  0:13  Probe  
  14  0:19  Pylon  
  14  0:24  Probe  
  15  0:33  Probe  
  15  0:38  Gateway  
  15  0:41  Probe  
  16  0:47  Assimilator  
  17  0:51  Probe  
  18  1:03  Probe  
  19  1:21  Nexus  
  19  1:30  Cybernetics Core  
  19  1:32  Probe  
  20  1:39  Assimilator  
  20  1:42  Probe  
  21  1:47  Pylon  
  21  1:50  Probe  
  21  1:59  Probe  
  22  2:06  Stalker  
  22  2:07  Probe  
  25  2:08  Warp Gate  
  26  2:15  Probe  
  27  2:26  Probe  
  27  2:28  Robotics Facility  
  28  2:33  Probe  
  29  2:38  Probe  
  29  2:40  Shield Battery  
  29  2:43  Probe  
  30  2:44  Sentry  
  30  2:50  Probe  
  34  2:51  Probe  
  35  3:00  Probe  
  35  3:02  Probe  
  35  3:04  Pylon  
  37  3:12  Probe  
  38  3:14  Probe  
  38  3:16  Immortal  
  43  3:21  Sentry  
  43  3:26  Pylon, Probe  
  46  3:29  Probe  
  46  3:31  Assimilator  
  46  3:34  Probe  
  47  3:35  Gateway  
  48  3:41  Probe  
  48  3:42  Probe  
  48  3:45  Pylon  
  50  3:52  Probe, Assimilator  
  51  3:56  Immortal  
  51  3:58  Probe  
  56  4:04  Probe  
  57  4:10  Twilight Council, Forge  
  57  4:12  Probe  
  58  4:21  Probe  
  58  4:22  Gateway  
  59  4:29  Gateway  
  59  4:35  Gateway, Observer  
  60  4:44  Sentry  
  62  4:52  Nexus  
  62  4:55  Charge  
  62  4:56  Protoss Ground Weapons Level 1, Pylon  
  62  5:04  Gateway, Immortal  
  62  5:05  Gateway, Zealot  
  68  5:09  Pylon  
  68  5:10  Zealot  
  70  5:21  Pylon  
  70  5:31  Nexus  
  70  5:36  Templar Archives  
  70  5:37  Gateway  
  70  5:41  Pylon  
  70  5:45  Warp Prism  
  70  5:49  Zealot  
  74  5:51  Zealot  
  76  5:57  Pylon  
  76  6:02  Photon Cannon  
  76  6:04  Shield Battery  
  76  6:07  Probe x2  
  78  6:13  High Templar x2, Pylon  
  78  6:16  High Templar x2  
  78  6:17  Archon  
  86  6:19  Zealot  
  86  6:20  Archon  
  86  6:23  Probe x2  
  90  6:26  Zealot  
  90  6:31  Zealot  
  94  6:41  High Templar  
  94  6:42  High Templar  
  94  6:43  Pylon  
  94  6:45  Zealot x2  
  94  6:46  Archon  
  102  6:47  Zealot  
  102  6:49  Zealot  
  102  6:53  Zealot  
  108  6:56  Zealot  
  102  7:06  Zealot x3  
  94  7:09  Zealot x2  
  94  7:14  Zealot x2  
  94  7:16  Zealot  
  94  7:19  Observer  
  96  7:26  High Templar x2  
  96  7:29  Zealot x3  
  106  7:30  Archon  
  106  7:35  High Templar  
  106  7:36  Zealot, High Templar  
  110  7:40  Archon  
  110  7:50  Zealot  
  92  7:51  Zealot x3  
  92  7:52  Zealot  
  90  7:58  Zealot  
  90  8:03  Zealot  
Tags
 
Add a new tag
Caveats
  • Supply blocks, unpowered buildings, or Contaminate may cause inaccurate times.
  • Supply counts are checked every 10 seconds.